 Dungeon Crawl Stone Soup version 0.22.1-2-g9c5b331383 (webtiles) character file.

16118 Jerry the Carver (level 12, -13/84 HPs)
             Began as a Halfling Fighter on Nov 29, 2018.
             Was a High Priest of Okawaru.
             Mangled by a minotaur (22 damage)
             ... in a labyrinth.
             The game lasted 00:47:48 (13756 turns).

Jerry the Carver (Halfling Fighter)                Turns: 13756, Time: 00:47:49

Health: -13/84     AC: 19    Str: 26    XL:     12   Next: 66%
Magic:  10/16      EV: 27    Int:  6    God:    Okawaru [*****.]
Gold:   570        SH:  8    Dex: 20    Spells: 11/11 levels left

rFire    . . .     SeeInvis .   N - +1 dagger (venom)
rCold    . . .     Gourm    .   D - +0 buckler
rNeg     . . .     Faith    .   q - +4 chain mail {rPois}
rPois    +         Spirit   .   (helmet restricted)
rElec    .         Reflect  .   (no cloak)
rCorr    .         Harm     .   w - +0 pair of gloves
MR       .....     Clarity  +   (no boots)
Stlth    +.........             r - amulet of rage
HPRegen  0.24/turn              L - ring of flight
MPRegen  0.15/turn              G - +5 ring of strength

@: agile, heroism, finesse
A: small, beak, horns 1, clarity, mutation resistance 1
a: Heroism, Finesse, Renounce Religion, Evoke Berserk Rage, Evoke Flight


You were in a labyrinth.
You worshipped Okawaru.
Okawaru was extremely pleased with you.
You were not hungry.

You visited 2 branches of the dungeon, and saw 14 of its levels.
You also visited: Labyrinth.

You collected 606 gold pieces.
You spent 36 gold pieces at shops.

Inventory:

Hand Weapons
 a - a +1 long sword
 N - a +1 dagger of venom (weapon)
 Q - a +0 scimitar of holy wrath
Armour
 q - a +4 chain mail of poison resistance (worn)
 w - a +0 pair of gloves (worn)
 D - a +0 buckler (worn)
Jewellery
 r - an amulet of rage (around neck)
 C - an uncursed ring of ice
 G - a +5 ring of strength (right hand)
 L - a ring of flight (left hand)
Wands
 d - a wand of enslavement (6)
 J - a wand of flame (7)
 K - a wand of digging (10)
 M - a wand of acid (20)
 O - a wand of paralysis (17)
 P - a wand of iceblast (11)
Scrolls
 e - a scroll of fear
 j - 3 scrolls of enchant armour
 m - 7 scrolls of remove curse
 n - 4 scrolls of enchant weapon
 t - a scroll of immolation
 v - 5 scrolls of teleportation
 y - 6 scrolls of identify
 z - a scroll of vulnerability {unknown}
 B - 2 scrolls of amnesia
 E - a scroll of magic mapping
Potions
 g - a potion of lignification {unknown}
 h - 3 potions of invisibility {unknown}
 i - 4 potions of flight {unknown}
 k - 2 potions of berserk rage
 l - a potion of might
 o - 2 potions of cancellation {unknown}
 p - 4 potions of degeneration {unknown}
 s - 3 potions of brilliance
 x - 4 potions of curing
 A - a potion of agility
 F - 2 potions of haste
 H - a potion of ambrosia
Comestibles
 f - 31 rations
 u - 6 chunks of flesh


   Skills:
 + Level 8.3(13.3) Fighting
 * Level 12.1(17.1) Long Blades
 + Level 9.9(14.9) Armour
 + Level 9.3(14.3) Dodging
 - Level 4.1(9.1) Shields
 - Level 5.5 Invocations


You had 11 spell levels left.
You didn't know any spells.
Your spell library contained the following spells:

 Spells                   Type           Power        Failure   Level  Hunger
 Animate Skeleton         Necr           N/A          88%         1    ##.....
 Magic Dart               Conj           #...         88%         1    ##.....
 Pain                     Necr           #...         88%         1    ##.....
 Blink                    Tloc           N/A          96%         2    ###....
 Call Imp                 Summ           #.......     96%         2    ###....
 Shroud of Golubria       Chrm/Tloc      #.........   96%         2    ###....
 Slow                     Hex            #.......     96%         2    ###....
 Conjure Flame            Conj/Fire      #.......     99%         3    ####...
 Gell's Gravitas          Tloc           #.........   99%         3    ####...
 Lesser Beckoning         Tloc           #.........   99%         3    ####...
 Mephitic Cloud           Conj/Pois/Air  #.......     99%         3    ####...
 Regeneration             Chrm/Necr      #.........   99%         3    ####...
 Teleport Other           Tloc           #.......     99%         3    ####...
 Vampiric Draining        Necr           #.........   99%         3    ####...
 Animate Dead             Necr           N/A          100%        4    #####..
 Passage of Golubria      Tloc           N/A          100%        4    #####..


Dungeon Overview and Level Annotations

Branches:
Dungeon (13/15)            Temple (0/1) D:5            Lair (1/6) D:8
    Orc (0/2) D:12
 Vaults: D:13-14

Altars:
Elyvilon
Fedhas
Kikubaaqudgha
Makhleb
Okawaru
Ru
Trog
Vehumet
Xom
Yredelemnul
Zin

Shops:
D:5 =   D:8 ?   D:12 =

Annotations:
D:9 3 runed doors, Freitmort's ghost, novice DECj


Innate Abilities, Weirdness & Mutations

You are small and have problems with some larger weapons.
You are somewhat resistant to further mutation.
You have a beak for a mouth.
You have a pair of small horns on your head.
You possess an exceptional clarity of mind.


Message History

You headbutt the minotaur, but do no damage.
You peck the minotaur, but do no damage.
The minotaur is severely wounded.
The minotaur hits you but does no damage.
The minotaur gores you.
* * * LOW HITPOINT WARNING * * *
You hit the minotaur but do no damage.
The minotaur looks as sick as possible!
You headbutt the minotaur, but do no damage.
You peck the minotaur, but do no damage.
The minotaur is severely wounded.
You hit the minotaur but do no damage.
The minotaur looks as sick as possible!
You headbutt the minotaur, but do no damage.
You peck the minotaur.
The minotaur is severely wounded.
You hit the minotaur but do no damage.
The minotaur looks as sick as possible!
You headbutt the minotaur!
You peck the minotaur, but do no damage.
The minotaur is almost dead.
The minotaur hits you!!
You die...

.#.##......#
..... #.#. #
## . #. #.#
. #...⌠...#
. .##.##.# #
# #.#.. #.##
.....# # .
.# #.#. .##
# .#@# # #.#
#
..#.H..<...
## #
#.#.#####.#
#. . . #.#..
#.# #.## ###
#. ... # #.
# . #. # .


You could see a minotaur.

Vanquished Creatures
  2 two-headed ogres (D:10)
  A tengu warrior (D:11)
  2 ugly things
  Pikel (D:5)
  A deep elf mage (D:12)
  A spiny frog (Lair:1)
  3 gargoyles
  3 trolls
  A hornet (D:9)
  6 hippogriffs
  3 slime creatures (D:12)
  Sigmund (D:5)
  12 yaks
  A wyvern (D:12)
  Duvessa (D:5)
  3 water moccasins
  4 orc warriors
  An eye of draining (D:10)
  6 ogres
  A necrophage (D:11)
  2 sky beasts
  8 phantoms
  4 ice beasts
  5 wolves (D:8)
  5 centaurs
  3 crocodiles
  A big kobold (D:11)
  8 bullfrogs
  A gnoll sergeant (D:6)
  Dowan (D:5)
  4 scorpions
  8 killer bees
  4 electric eels (D:8)
  5 crimson imps
  3 jellies
  A quasit (D:9)
  5 orc priests
  7 hounds
  18 orc wizards
  Terence (D:2)
  2 iguanas
  13 worker ants
  A worker ant zombie (D:6)
  4 gnolls (D:6)
  9 adders
  A shadow imp (D:11)
  2 adder skeletons
  5 dart slugs
  4 leopard geckos
  46 orcs
  5 bats
  3 giant cockroaches
  8 goblins
  5 hobgoblins
  24 jackals
  4 quokkas
  2 ball pythons
  3 frilled lizards
  12 kobolds
  9 rats
310 creatures vanquished.

Vanquished Creatures (others)
  A slave (D:6)
  A scorpion (D:6)
  A centaur zombie (D:6)
  2 orc wizards
  A leopard gecko (D:6)
  2 orcs (D:6)
8 creatures vanquished.

Grand Total: 318 creatures vanquished

Notes
Turn   | Place    | Note
-------+----------+-------------------------------------------
     0 | D:1      | Jerry the Halfling Fighter began the quest for the Orb.
     0 | D:1      | Reached XP level 1. HP: 15/15 MP: 1/1
   191 | D:1      | Reached XP level 2. HP: 20/20 MP: 2/2
   477 | D:1      | Reached XP level 3. HP: 23/25 MP: 3/3
   484 | D:1      | Reached skill level 1 in Dodging
   904 | D:2      | Reached skill level 3 in Long Blades
   904 | D:2      | Reached XP level 4. HP: 28/31 MP: 4/4
  1093 | D:2      | Noticed Terence
  1120 | D:2      | Killed Terence
  1179 | D:2      | Found a burning altar of Makhleb.
  1181 | D:2      | Found a glowing silver altar of Zin.
  1181 | D:2      | Noticed an angel
  1182 | D:2      | Noticed a green death
  1602 | D:2      | Reached XP level 5. HP: 34/36 MP: 5/5
  2260 | D:4      | Reached skill level 4 in Long Blades
  2260 | D:4      | Reached XP level 6. HP: 38/42 MP: 6/6
  2491 | D:4      | Noticed an ogre
  2497 | D:4      | Killed an ogre
  2517 | D:4      | Reached XP level 7. HP: 40/47 MP: 7/7
  2603 | D:4      | Found an iron altar of Okawaru.
  2607 | D:4      | Became a worshipper of Warmaster Okawaru
  2818 | D:4      | Reached skill level 5 in Long Blades
  3087 | D:5      | Entered Level 5 of the Dungeon
  3217 | D:5      | Noticed Dowan
  3221 | D:5      | Noticed Duvessa
  3238 | D:5      | Reached skill level 5 in Armour
  3238 | D:5      | Reached skill level 1 in Invocations
  3446 | D:5      | Killed Duvessa
  3446 | D:5      | Reached XP level 8. HP: 47/54 MP: 9/9
  3448 | D:5      | Killed Dowan
  3461 | D:5      | Found Catres Potei's Jewellery Emporium.
  3479 | D:5      | Reached * piety under Okawaru
  3748 | D:5      | Noticed Sigmund
  3749 | D:5      | Found a staircase to the Ecumenical Temple.
  3757 | D:5      | Killed Sigmund
  3757 | D:5      | Reached skill level 6 in Long Blades
  3874 | D:5      | Reached ** piety under Okawaru
  3874 | D:5      | Reached XP level 9. HP: 47/60 MP: 11/11
  4046 | D:5      | Found a blossoming altar of Fedhas.
  4252 | D:6      | Noticed Pikel
  4271 | D:5      | Killed Pikel
  4271 | D:5      | Reached skill level 5 in Fighting
  4271 | D:5      | Reached skill level 7 in Long Blades
  4271 | D:5      | Reached skill level 5 in Dodging
  4988 | D:6      | Reached *** piety under Okawaru
  5173 | D:7      | Noticed a purple ugly thing
  5191 | D:7      | Killed a purple ugly thing
  5191 | D:7      | Reached skill level 8 in Long Blades
  5191 | D:7      | Reached XP level 10. HP: 68/68 MP: 13/13
  5649 | D:8      | Reached skill level 5 in Invocations
  5659 | D:8      | Reached **** piety under Okawaru
  5962 | D:8      | Found Heugatai's Magic Scroll Emporium.
  5967 | D:8      | Bought a scroll of teleportation for 36 gold pieces
  6400 | D:8      | Found a staircase to the Lair.
  6839 | D:8      | Reached skill level 9 in Long Blades
  7136 | D:7      | Found a blossoming altar of Fedhas.
  7136 | D:7      | Found a basalt altar of Yredelemnul.
  7137 | D:7      | Found a bloodstained altar of Trog.
  7141 | D:7      | Found a sacrificial altar of Ru.
  7141 | D:7      | Found a white marble altar of Elyvilon.
  7141 | D:7      | Found a radiant altar of Vehumet.
  7141 | D:7      | Found a shimmering altar of Xom.
  7142 | D:7      | Found an ancient bone altar of Kikubaaqudgha.
  8588 | D:9      | Reached XP level 11. HP: 67/74 MP: 15/15
  8598 | D:9      | Found a runed gate.
  8618 | D:9      | Found a runed gate.
  8618 | D:9      | Found a runed gate.
  8620 | D:9      | Noticed a five-headed hydra
  8622 | D:9      | Noticed Freitmort's ghost (novice DECj)
  9137 | D:10     | Entered Level 10 of the Dungeon
  9137 | D:10     | Noticed a two-headed ogre
  9147 | D:10     | Killed a two-headed ogre
  9147 | D:10     | Reached skill level 10 in Long Blades
  9589 | D:10     | Reached ***** piety under Okawaru
  9731 | D:10     | Noticed a two-headed ogre
  9764 | D:10     | Killed a two-headed ogre
 10239 | D:11     | Received a gift from Okawaru
 10242 | D:11     | Got a jewelled scale mail {god gift}
 10243 | D:11     | Identified the +1 scale mail of the Shining Light {*Corrode
                  | rC++ Slay+2} (Okawaru gifted it to you on level 11 of the
                  | Dungeon)
 10552 | D:10     | Gained mutation: You have a pair of small horns on your
                  | head. [potion of mutation]
 10552 | D:10     | Gained mutation: You have a beak for a mouth. [potion of
                  | mutation]
 10552 | D:10     | Gained mutation: You possess an exceptional clarity of
                  | mind. [potion of mutation]
 10655 | D:11     | Noticed a white ugly thing
 10657 | D:11     | Noticed a tengu warrior
 10667 | D:11     | Killed a white ugly thing
 10667 | D:11     | Reached skill level 11 in Long Blades
 10670 | D:11     | Killed a tengu warrior
 10734 | D:11     | Reached XP level 12. HP: 82/82 MP: 14/16
 11159 | D:12     | Found Vuazame's Jewellery Emporium.
 11776 | D:12     | Found a staircase to the Orcish Mines.
 12636 | D:13     | Noticed a centaur warrior
 12642 | D:13     | Noticed a vault guard
 12644 | D:13     | Noticed a two-headed ogre
 12686 | D:12     | Noticed a soul eater
 12862 | D:13     | Noticed a six-headed hydra
 13410 | Lair:1   | Entered Level 1 of the Lair of Beasts
 13432 | Lair:1   | Reached skill level 12 in Long Blades
 13480 | Lair:1   | Found a labyrinth entrance.
 13589 | Lab      | Entered a labyrinth
 13727 | Lab      | Noticed a minotaur
 13756 | Lab      | Mangled by a minotaur

Skill      XL: |  1  2  3  4  5  6  7  8  9 10 11 12 |
---------------+-------------------------------------+-----
Dodging        | 1 2 3 4 5 7 8 9 |  9.3
Fighting       | 3 4 5 6 7 8 |  8.3
Long Blades    | 3 4 5 6 8 9 11 12 | 12.1
Armour         | 4 5 6 7 9 |  9.9
Invocations    | 1 2 4 5 |  5.5
Shields        | 4 |  4.1

Action                   |  1- 3 |  4- 6 |  7- 9 | 10-12 || total
-------------------------+-------+-------+-------+-------++-------
Melee: Long sword        |    77 |   172 |   342 |   493 ||  1084
       Punch             |       |       |     2 |     8 ||    10
       Scimitar          |       |       |       |   218 ||   218
       Peck              |       |       |       |    91 ||    91
       Headbutt          |       |       |       |   103 ||   103
       Dagger            |       |       |       |    72 ||    72
Invok: Heroism           |       |       |     7 |    26 ||    33
       Finesse           |       |       |       |     1 ||     1
 Abil: Evoke Berserk Rag |       |       |     2 |     5 ||     7
Evoke: Wand              |       |       |       |    10 ||    10
  Use: Scroll            |       |     5 |     3 |    14 ||    22
       Potion            |       |     1 |       |     5 ||     6
  Eat: Chunk             |       |     5 |    11 |    27 ||    43
       Ration            |       |       |       |     2 ||     2
Armor: Scale mail        |    33 |    19 |       |       ||    52
       Chain mail        |       |   109 |   162 |   302 ||   573
Dodge: Dodged            |    69 |   129 |   193 |   635 ||  1026
Block: Buckler           |       |       |       |    26 ||    26
       Rpst.: Long sword |    23 |    30 |    61 |   110 ||   224
       Scimitar          |       |       |       |    47 ||    47
